 Dungeon Crawl Stone Soup version 0.21.1-1-g345015f (webtiles) character file.

87 HyperWeapon the Slasher (level 4, 0/33 HPs)
             Began as a Demonspawn Gladiator on June 21, 2018.
             Slain by a gnoll (3 damage)
             ... on level 2 of the Dungeon.
             The game lasted 00:09:12 (2310 turns).

HyperWeapon the Slasher (Demonspawn Gladiator)      Turns: 2310, Time: 00:09:12

Health: 0/33       AC:  5    Str: 15    XL:     4   Next: 28%
Magic:  4/4        EV: 12    Int: 10    God:
Gold:   161        SH:  0    Dex: 14    Spells: 3/3 levels left

rFire    . . .     SeeInvis .   a - +0 long sword
rCold    . . .     Gourm    .   (no shield)
rNeg     . . .     Faith    .   q - +1 leather armour {MR+}
rPois    .         Spirit   .   c - +0 helmet
rElec    .         Reflect  .   (no cloak)
rCorr    .         Harm     .   (no gloves)
MR       +....                  (no boots)
Stlth    +.........             (no amulet)
HPRegen  0.11/turn              (no ring)
MPRegen  0.09/turn              (no ring)

@: no status effects
A: powered by death 1
a: no special abilities


You were on level 2 of the Dungeon.
You were near starving.

You visited 1 branch of the dungeon, and saw 3 of its levels.

You collected 161 gold pieces.

Inventory:

Hand Weapons
 a - a +0 long sword (weapon)
Missiles
 d - a throwing net (quivered)
 p - 20 sling bullets
Armour
 c - a +0 helmet (worn)
 q - a +1 leather armour of magic resistance (worn)
 r - a +0 ring mail
Scrolls
 e - a scroll of teleportation {unknown}
 h - 3 scrolls of identify {unknown}
 i - a scroll of random uselessness {unknown}
 j - a scroll of blinking {unknown}
 k - a scroll of immolation {unknown}
 m - a scroll of fear {unknown}
 n - 4 scrolls of enchant weapon {unknown}
Potions
 b - a potion of magic {unknown}
 g - a potion of cancellation {unknown}
 l - 2 potions of haste {unknown}
 o - a potion of might {unknown}
 s - a potion of mutation {unknown}
Comestibles
 f - 4 rations


   Skills:
 - Level 2.0 Fighting
 * Level 4.6 Long Blades
 - Level 2.0 Throwing
 - Level 2.6 Dodging


You had 3 spell levels left.
You didn't know any spells.

Dungeon Overview and Level Annotations

Branches:
Dungeon (3/15)

Altars:
Elyvilon
Hepliaklqana
Uskayaw


Innate Abilities, Weirdness & Mutations

You regenerate a little health from kills.


Message History

You barely miss the gnoll.
The gnoll is moderately wounded.
The gnoll barely misses you. The gnoll hits you but does no damage.
You hit the gnoll but do no damage.
The gnoll is moderately wounded.
The gnoll hits you with a spear. The gnoll hits you but does no damage.
You hit the gnoll.
The gnoll is almost dead.
The gnoll misses you. The gnoll hits you.
The gnoll hits you but does no damage.
Your leather armour prevents you from hitting the gnoll.
The gnoll is almost dead.
The gnoll hits you.
* * * LOW HITPOINT WARNING * * *
The gnoll hits you with a spear.
* * * LOW HITPOINT WARNING * * *
You closely miss the gnoll.
The gnoll is almost dead.
The gnoll hits you.
You die...

#...###...##.......## #.... #...#
#.#.....###..# #....
#...###.#.....# ##.## ###....
#...##......######..#######......
##.###.#..#....##...........#....
##.###..............#############
##..##.#.#####......###
###...>..# ###gg....## ######.###
#@..#...#####
.......#########...##......####
#####..............####.##[...#
##.#########...# #..####.## # #.#
#...# ##..# #..# ######.# #..<#
##.####.# ..##...# #...# #......#
#.#..### ##### ######## #.#.#####


You could see 2 gnolls.

Vanquished Creatures
  A gnoll (D:2)
  An adder (D:1)
  A worm (D:3)
  3 dart slugs (D:1)
  A leopard gecko (D:1)
  2 giant cockroaches
  6 goblins
  13 hobgoblins
  4 jackals (D:1)
  6 kobolds
  A quokka (D:2)
  6 bats
  4 frilled lizards
  6 rats
55 creatures vanquished.

Notes
Turn   | Place    | Note
-------+----------+-------------------------------------------
     0 | D:1      | HyperWeapon the Demonspawn Gladiator began the quest for the Orb.
     0 | D:1      | Reached XP level 1. HP: 16/16 MP: 1/1
    54 | D:1      | Reached skill level 3 in Long Blades
   227 | D:1      | Gained mutation: You regenerate a little health from kills. [demonic ancestry]
   227 | D:1      | Reached XP level 2. HP: 16/22 MP: 2/2
   487 | D:1      | Reached XP level 3. HP: 22/27 MP: 3/3
   681 | D:1      | Reached skill level 4 in Long Blades
   963 | D:2      | Found a hide-covered altar of Uskayaw.
  1002 | D:2      | Found a white marble altar of Elyvilon.
  1437 | D:3      | Reached XP level 4. HP: 33/33 MP: 4/4
  1446 | D:3      | Found a hazy altar of Hepliaklqana.
  2310 | D:2      | Slain by a gnoll

Skill      XL: |  1  2  3 |
---------------+----------+-----
Long Blades    | 3 4 |  4.6
Throwing       | 2 |  2.0
Fighting       | |  2.0
Dodging        | |  2.6

Action                   |  1- 3 |  4- 6 || total
-------------------------+-------+-------++-------
Melee: Long sword        |   133 |    47 ||   180
Throw: Throwing net      |       |     2 ||     2
  Eat: Chunk             |     2 |     1 ||     3
Armor: Leather armour    |    28 |     5 ||    33
       Ring mail         |    11 |    13 ||    24
Dodge: Dodged            |    83 |    43 ||   126
       Rpst.: Long sword |    21 |    11 ||    32
